 Dungeon Crawl Stone Soup version 0.25.0-9-g26727b6 (webtiles) character file.

Game seed: 10545403593584986640

4459 robertstho the Grappler (level 10, -12/94 HPs)
             Began as a Troll Fighter on June 17, 2020.
             Was an Elder of Dithmenos.
             Mangled by an orc warrior
             ... wielding a +0 halberd
              (24 damage)
             ... in a bailey.
             The game lasted 00:11:35 (6076 turns).

robertstho the Grappler (Troll Fighter)             Turns: 6076, Time: 00:11:36

Health: -12/94     AC:  9    Str: 28    XL:     10   Next: 15%
Magic:  11/11      EV: 10    Int:  5    God:    Dithmenos [****..]
Gold:   432        SH:  9    Dex:  9    Spells: 9/9 levels left

rFire    . . .     SeeInvis .     - Unarmed
rCold    + . .     Gourm    +   b - +0 kite shield
rNeg     . . .     Faith    .   h - +0 troll leather armour
rPois    .         Spirit   .   (helmet restricted)
rElec    .         Reflect  .   E - +0 cloak
rCorr    .         Harm     .   (gloves unavailable)
MR       .....                  (boots unavailable)
Stlth    ..........             H - amulet of regeneration
HPRegen  1.05/turn              y - ring of protection from cold
MPRegen  0.12/turn              B - ring of attention (curse)

@: wreathed by umbra
A: large, unfitting armour, claws 3, fast metabolism 3, gourmand, regeneration
1, shaggy fur 1, tough skin 3
a: Shadow Step, Renounce Religion


You were in a bailey.
You worshipped Dithmenos.
Dithmenos was greatly pleased with you.
You were very full.

You visited 1 branch of the dungeon, and saw 7 of its levels.
You also visited: Sewer, Ossuary and Bailey.

You collected 432 gold pieces.

Inventory:

Hand Weapons
 D - a +3 quarterstaff of chaos
 J - a +1 flail of protection
Missiles
 l - 5 throwing nets (quivered)
 N - 5 large rocks
Armour
 a - a +0 robe
 b - a +0 kite shield (worn)
 h - a +0 troll leather armour (worn)
 E - a +0 cloak (worn)
Jewellery
 y - a ring of protection from cold (left claw)
 A - an uncursed ring of resist corrosion
 B - a cursed ring of attention (right claw)
 H - an amulet of regeneration (around neck)
Wands
 k - a wand of flame (9)
 C - a wand of iceblast (6)
 F - a wand of random effects (10)
 O - a wand of acid (4)
Scrolls
 e - 2 scrolls of remove curse
 f - 2 scrolls of fear
 n - 6 scrolls of teleportation
 p - 3 scrolls of immolation
Potions
 c - 2 potions of might
 g - 3 potions of ambrosia
 j - 10 potions of curing
 m - 7 potions of lignification
 o - 2 potions of stabbing
 q - 2 potions of mutation
 r - 3 potions of magic {unknown}
 s - a potion of invisibility {unknown}
 t - 5 potions of flight
 v - 3 potions of berserk rage
 x - a potion of heal wounds
 G - a potion of brilliance {unknown}
 M - a potion of cancellation {unknown}
Comestibles
 d - 15 rations
 I - 15 chunks of flesh


   Skills:
 * Level 4.8 Fighting
 * Level 3.6 Armour
 * Level 6.1 Dodging
 + Level 4.0 Shields
 * Level 9.9 Unarmed Combat
 * Level 3.9 Invocations


You had 9 spell levels left.
You didn't know any spells.
Your spell library contained the following spells:

 Spells                   Type           Power        Failure   Level  Hunger
 Animate Skeleton         Necr           N/A          86%         1    ##.....
 Apportation              Tloc           #.....       86%         1    ##.....
 Corona                   Hex            #......      86%         1    ##.....
 Magic Dart               Conj           #...         86%         1    ##.....
 Summon Small Mammal      Summ           #...         86%         1    ##.....
 Blink                    Tloc           N/A          95%         2    ###....
 Call Imp                 Summ           #.......     95%         2    ###....
 Slow                     Hex            #.......     95%         2    ###....
 Conjure Flame            Conj/Fire      #.......     99%         3    ####...
 Mephitic Cloud           Conj/Pois/Air  #.......     99%         3    ####...


Dungeon Overview and Level Annotations

Branches:
Dungeon (7/15)             Temple (0/1) D:7           Sewer (visited)
Ossuary (visited)          Bailey (1/1)

Altars:
Ashenzari
Dithmenos
Gozag
Makhleb
Trog
Uskayaw
Vehumet
Xom
The Shining One


Innate Abilities, Weirdness & Mutations

You are too large for most types of armour.
You have claws for hands.
Your metabolism is lightning-fast.
You like to eat raw meat.
Your natural rate of healing is unusually fast.
You are covered in fur. (AC +1)
You have extremely tough skin. (AC +3)


Message History

The orc warrior is heavily wounded.
You block the orc warrior's attack. x2; The orc warrior shoots a bolt.
The bolt misses you.
Unknown command.
Evoke which item? (* to show all) (? for menu, Esc to quit)
Aiming: Iceblast
Press: ? - help, Shift-Dir - straight line, f - orc warrior, p - orc warrior
Aim: an orc warrior, wielding a +0 halberd and wearing a +0 scale mail (heavily wounded, umbra)
The mass of ice explodes!
The iceblast engulfs the orc warrior.
The orc warrior is severely wounded.
The iceblast engulfs the orc warrior!
The orc warrior is severely wounded.
The iceblast engulfs the orc warrior!
The orc warrior is moderately wounded.
The iceblast engulfs the orc warrior!
The orc warrior is heavily wounded.
The orc warrior hits you from afar with a +0 halberd!!
* * * LOW HITPOINT WARNING * * *
The orc warrior hits you from afar with a +0 halberd!!
You die...

#### ##∩## ####
....##...##....
≈≈≈..#...#..≈≈≈
≈o≈≈.......≈≈o≈
o≈.......≈o
....o..


#ooo# #.∩.# ##@## ### You could see 4 orc warriors.

Vanquished Creatures
  Pikel (D:7)
  A troll (D:7)
  Prince Ribbit (D:6)
  Sigmund (D:6)
  4 humans (D:6)
  Edmund (D:6)
  An orc warrior (D:7)
  2 ice beasts
  3 slaves (D:7)
  2 phantoms (D:4)
  2 ogres (D:6)
  A centaur (D:7)
  4 bullfrogs
  5 big kobolds
  A water moccasin zombie (D:7)
  8 scorpions (Ossuary)
  A bullfrog zombie (D:5)
  2 crimson imps (D:5)
  2 centaur zombies (Ossuary)
  4 human zombies (Ossuary)
  A jelly (D:6)
  6 orc wizards
  Crazy Yiuf (D:4)
  2 orc priests
  Ijyb (D:4)
  A gnoll shaman (D:4)
  2 worker ants
  2 big kobold zombies (Ossuary)
  2 hound zombies
  3 mummies (Ossuary)
  A howler monkey zombie (D:5)
  Robin (D:3)
  4 gnolls (D:4)
  3 scorpion zombies (Ossuary)
  14 adders
  A river rat (Sewer)
  An ooze (Sewer)
  An adder zombie (D:5)
  6 worms
  2 dart slugs
  5 leopard geckos
  17 orcs
  13 ball pythons
  3 giant cockroaches
  14 goblins
  7 hobgoblins
  6 jackals (D:2)
  A quokka (D:4)
  5 bats
  8 frilled lizards
  3 gnoll zombies (Ossuary)
  A goblin zombie (Ossuary)
  A jackal skeleton (D:6)
  18 kobolds
  2 kobold zombies (Ossuary)
  A leopard gecko skeleton (D:5)
  A leopard gecko zombie (D:5)
  4 orc zombies (Ossuary)
  7 rats
219 creatures vanquished.

Vanquished Creatures (others)
  A giant cockroach (D:7)
  5 fungi (D:5)
6 creatures vanquished.

Grand Total: 225 creatures vanquished

Notes
Turn   | Place    | Note
-------+----------+-------------------------------------------
     0 | D:1      | robertstho the Troll Fighter began the quest for the Orb.
     0 | D:1      | Reached XP level 1. HP: 22/22 MP: 0/0
   325 | D:1      | Reached XP level 2. HP: 22/29 MP: 1/1
   547 | D:2      | Reached XP level 3. HP: 37/37 MP: 2/2
   711 | D:2      | Found a faded altar of an unknown god.
   863 | D:2      | Found a burning altar of Makhleb.
  1193 | D:2      | Found a shadowy altar of Dithmenos.
  1211 | D:2      | Reached XP level 4. HP: 31/45 MP: 3/3
  1223 | D:2      | Became a worshipper of Dithmenos the Shadowed
  1599 | D:3      | Reached skill level 3 in Unarmed Combat
  1616 | D:3      | Reached skill level 1 in Armour
  1616 | D:3      | Reached XP level 5. HP: 44/53 MP: 4/4
  1617 | D:3      | Reached * piety under Dithmenos
  1672 | D:3      | Found a shimmering altar of Xom.
  1705 | D:3      | Noticed Robin
  1709 | D:3      | Killed Robin
  2210 | D:4      | Found a sand-covered staircase.
  2221 | Ossuary  | Entered an ossuary
  2239 | Ossuary  | Reached skill level 1 in Invocations
  2239 | Ossuary  | Reached XP level 6. HP: 32/61 MP: 5/5
  2340 | Ossuary  | Reached skill level 4 in Unarmed Combat
  2346 | Ossuary  | Reached ** piety under Dithmenos
  2515 | Ossuary  | Reached XP level 7. HP: 44/67 MP: 5/7
  2528 | Ossuary  | Reached skill level 5 in Unarmed Combat
  2940 | D:4      | Found a runed translucent door.
  2941 | D:4      | Noticed Crazy Yiuf
  2978 | D:4      | Found a shattered altar of Ashenzari.
  3258 | D:4      | Found a hide-covered altar of Uskayaw.
  3271 | D:4      | Reached skill level 6 in Unarmed Combat
  3316 | D:5      | Entered Level 5 of the Dungeon
  3386 | D:4      | Reached XP level 8. HP: 75/78 MP: 8/8
  3526 | D:4      | Noticed Ijyb
  3547 | D:4      | Killed Ijyb
  3573 | D:4      | Reached *** piety under Dithmenos
  3766 | D:4      | Killed Crazy Yiuf
  4198 | D:5      | Found a bloodstained altar of Trog.
  4201 | D:5      | Found a glowing golden altar of the Shining One.
  4207 | D:5      | Found an opulent altar of Gozag.
  4291 | D:6      | Found a radiant altar of Vehumet.
  4332 | D:6      | Reached skill level 7 in Unarmed Combat
  4348 | D:6      | Found a glowing drain.
  4375 | Sewer    | Entered a sewer
  4616 | Sewer    | Reached **** piety under Dithmenos
  4664 | D:6      | Noticed Edmund
  4667 | D:6      | Noticed Prince Ribbit
  4672 | D:6      | Killed Prince Ribbit
  4672 | D:6      | Reached XP level 9. HP: 71/84 MP: 10/10
  4687 | D:6      | Killed Edmund
  4687 | D:6      | Reached skill level 5 in Dodging
  4687 | D:6      | Reached skill level 8 in Unarmed Combat
  4755 | D:6      | Noticed Sigmund
  4761 | D:6      | Killed Sigmund
  4883 | D:6      | Reached skill level 9 in Unarmed Combat
  5644 | D:7      | Found a staircase to the Ecumenical Temple.
  5694 | D:7      | Noticed Pikel
  5714 | D:7      | Killed Pikel
  5724 | D:7      | Reached XP level 10. HP: 36/94 MP: 11/11
  6054 | D:7      | Found a flagged portal.
  6063 | Bailey   | Entered a bailey
  6076 | Bailey   | Mangled by an orc warrior

Illustrated notes

Levels and vault maps discovered:
D:1:      sevenhm_arrival_forest_fort_small_4, layout_rooms,
          minmay_misc_feat_nine_boxes, minmay_shallow_snake_nest
D:2:      layout_loops_ring, nicolae_dithmenos_through_a_glass_darkly,
          chequers_ecumenical_altar_simple, bloody_makhleb
D:3:      layout_loops_ring, xom_butterflies, uniq_robin
D:4:      layout_loops_ring, eat_drink_and_be_merry_uskayaw, ashenzari_altar_1,
          enter_ossuary_1, uniq_ijyb, uniq_crazy_yiuf_cottage
D:5:      layout_rooms, grunt_temple_overflow_diamond, first_ration,
          serial_aquarium, aquarium_bridge_straight [aquarium_subvault_bridge,
          aquarium_subvault_wall, aquarium_subvault_bridge,
          aquarium_subvault_window], aquarium_bridge_square
          [aquarium_subvault_balcony, aquarium_subvault_bridge,
          aquarium_subvault_wall, aquarium_subvault_wall],
          aquarium_window_corner, aquarium_window_fake, aquarium_view_2b,
          aquarium_view_2a, aquarium_balcony_3b, aquarium_pool_corner
D:6:      layout_basic, overflow_temple_1_default, portal_sewer_entry_a,
          eino_small_chamber_without_monster, minmay_ruffians, uniq_edmund,
          uniq_sigmund, uniq_prince_ribbit1
D:7:      layout_gridville, minmay_temple_entry_water_ring, enter_bailey_6,
          minmay_manual_moon, uniq_pikel
Bailey:   bailey_polearm_4, bailey

Skill      XL: |  1  2  3  4  5  6  7  8  9 10 |
---------------+-------------------------------+-----
Fighting       | 3 4 |  4.8
Dodging        | 3 4 5 6 |  6.1
Unarmed Combat | 3 4 6 7 9 |  9.9
Armour         | 1 2 3 |  3.6
Invocations    | 1 2 3 |  3.9
Shields        | 3 4 |  4.0

Action                   |  1- 3 |  4- 6 |  7- 9 | 10-12 || total
-------------------------+-------+-------+-------+-------++-------
Melee: Unarmed           |   118 |   181 |   423 |    63 ||   785
Evoke: Wand              |       |       |       |     2 ||     2
  Use: Scroll            |       |     4 |     5 |    10 ||    19
       Potion            |       |       |       |     1 ||     1
 Stab: Sleeping          |       |     1 |       |       ||     1
  Eat: Chunk             |    17 |    11 |    31 |     3 ||    62
Armor: Robe              |    40 |    70 |    86 |    23 ||   219
Dodge: Dodged            |    31 |    56 |   156 |    46 ||   289
Block: Kite shield       |    56 |    94 |   136 |    54 ||   340
